 Dungeon Crawl Stone Soup version 0.22.0-75-g3901e79 (webtiles) character file.

35 Starchild the Bolt Thrower (level 3, 0/20 HPs)
             Began as a Kobold Arcane Marksman on Sept 13, 2018.
             Slain by a hobgoblin
             ... wielding a +0 club
              (7 damage)
             ... on level 2 of the Dungeon.
             The game lasted 00:04:26 (2715 turns).

Starchild the Bolt Thrower (Kobold Arcane Marksman) Turns: 2715, Time: 00:04:27

Health: 0/20       AC:  2    Str:  7    XL:     3   Next: 55%
Magic:  4/4        EV: 15    Int: 15    God:
Gold:   87         SH:  0    Dex: 15    Spells: 1/4 levels left

rFire    . . .     SeeInvis .   g - +0 dagger
rCold    . . .     Gourm    .   (shield restricted)
rNeg     . . .     Faith    .   e - +0 robe
rPois    .         Spirit   .   (no helmet)
rElec    .         Reflect  .   (no cloak)
rCorr    .         Harm     .   (no gloves)
MR       .....                  (no boots)
Stlth    +.........             (no amulet)
HPRegen  0.06/turn              (no ring)
MPRegen  0.09/turn              (no ring)

@: no status effects
A: small, carnivore
a: no special abilities


You were on level 2 of the Dungeon.
You were hungry.

You visited 1 branch of the dungeon, and saw 2 of its levels.

You collected 87 gold pieces.

Inventory:

Hand Weapons
 a - a +0 hand crossbow
 g - a +0 dagger (weapon)
Missiles
 c - 59 stones (quivered)
 d - 26 bolts
Armour
 e - a +0 robe (worn)
Scrolls
 i - a scroll of remove curse {unknown}
Potions
 b - a potion of flight {unknown}
 h - a potion of degeneration {unknown}
 j - a potion of agility {unknown}
Comestibles
 f - 3 rations


   Skills:
 - Level 1.1 Fighting
 + Level 1.7 Short Blades
 + Level 4.0 Crossbows
 - Level 2.4 Dodging
 - Level 1.1 Spellcasting
 - Level 3.0 Hexes


You had one spell level left.
You knew the following spells:

 Your Spells              Type           Power        Failure   Level  Hunger
a - Corona                Hex            #......      7%          1    ##.....
b - Slow                  Hex            #.......     11%         2    ###....

Your spell library contained the following spells:

 Spells                   Type           Power        Failure   Level  Hunger
 Inner Flame              Hex/Fire       #.......     36%         3    ####...
 Portal Projectile        Hex/Tloc       #.....       36%         3    ####...
 Cause Fear               Hex            #.........   56%         4    #####..
 Leda's Liquefaction      Hex/Erth       #.........   78%         4    #####..


Dungeon Overview and Level Annotations

Branches:
Dungeon (2/15)

Altars:


Innate Abilities, Weirdness & Mutations

You are small and have problems with some larger weapons.
You are carnivorous and can eat meat at any time.


Message History

The hobgoblin is heavily wounded.
The hobgoblin barely misses you.
You hit the hobgoblin.
The hobgoblin is heavily wounded.
The hobgoblin closely misses you.
You closely miss the hobgoblin.
The hobgoblin is heavily wounded.
You hit the hobgoblin but do no damage.
The hobgoblin is heavily wounded.
The hobgoblin misses you.
You hit the hobgoblin but do no damage.
The hobgoblin is heavily wounded.
The hobgoblin misses you.
You completely miss the hobgoblin.
The hobgoblin is moderately wounded.
The hobgoblin hits you with a club.
You hit the hobgoblin.
The hobgoblin is severely wounded.
The hobgoblin hits you with a club!
You die...

### #.. #.#
#.# #.# #
#<# .#
#.##.#
#@g%.#
#..######.
#.........
##.#######
#.........
#..#######
#<.#
######..###
#.........#


You could see a hobgoblin.

Vanquished Creatures
  A leopard gecko (D:1)
  A giant cockroach (D:1)
  4 goblins
  7 hobgoblins
  3 bats (D:1)
  3 frilled lizards (D:1)
  3 kobolds (D:1)
  14 rats (D:1)
36 creatures vanquished.

Notes
Turn   | Place    | Note
-------+----------+-------------------------------------------
     0 | D:1      | Starchild the Kobold Arcane Marksman began the quest for
                  | the Orb.
     0 | D:1      | Reached XP level 1. HP: 12/12 MP: 2/2
   237 | D:1      | Reached skill level 3 in Crossbows
   242 | D:1      | Reached XP level 2. HP: 15/16 MP: 3/3
   818 | D:1      | Reached skill level 1 in Short Blades
   819 | D:1      | Reached XP level 3. HP: 8/20 MP: 4/4
   827 | D:1      | Learned a level 2 spell: Slow
  1817 | D:1      | Reached skill level 4 in Crossbows
  2715 | D:2      | Slain by a hobgoblin

Skill      XL: |  1  2  3 |
---------------+----------+-----
Crossbows      | 3 4 |  4.0
Short Blades   | 1 |  1.7
Fighting       | |  1.1
Dodging        | |  2.4
Spellcasting   | |  1.1
Hexes          | |  3.0

Action                   || total
-------------------------++-------
Melee: Dagger            ||   184
 Fire: Hand crossbow     ||    13
 Stab: Sleeping          ||     3
  Eat: Chunk             ||     3
       Ration            ||     1
Armor: Robe              ||    27
Dodge: Dodged            ||   133
